 Dungeon Crawl Stone Soup version 0.19.4 (webtiles) character file.

45 sveltemanboy the Charmwright (level 3, -1/24 HPs)
             Began as a High Elf Skald on Feb 3, 2017.
             Slain by a hobgoblin
             ... wielding a +0 club
              (4 damage)
             ... on level 2 of the Dungeon.
             The game lasted 00:03:59 (1530 turns).

sveltemanboy the Charmwright (High Elf Skald)       Turns: 1530, Time: 00:04:01

Health: -1/24      AC:  3    Str: 11    XL:     3   Next: 42%
Magic:  4/7        EV: 12    Int: 16    God:
Gold:   54         SH:  0    Dex: 15    Spells: 3 memorised, 1 level left

rFire  . . .     SeeInvis .     a - +0 falchion
rCold  . . .     Gourm    .     b - +0 leather armour
rNeg   . . .     Faith    .     (no shield)
rPois  .         Spirit   .     (no helmet)
rElec  .         Reflect  .     (no cloak)
rCorr  .         Harm     .     (no gloves)
MR     .....                    (no boots)
Stlth  +.........               (no amulet)
                                (no ring)
                                (no ring)

@: singing
A: no striking features
a: Stop Singing


You were on level 2 of the Dungeon.
You were not hungry.

You visited 1 branch of the dungeon, and saw 2 of its levels.

You collected 54 gold pieces.

Inventory:

Hand Weapons
 a - a +0 falchion (weapon)
Armour
 b - a +0 leather armour (worn)
Scrolls
 h - a scroll of amnesia {unknown}
 i - a scroll of enchant weapon {unknown}
 j - a scroll of fog {unknown}
 k - 2 scrolls of teleportation {unknown}
 l - a scroll of immolation {unknown}
Potions
 e - a potion of degeneration {unknown}
 f - a potion of might {unknown}
Books
 c - a book of Battle

   Spells                             Type                      Level
   a - Infusion                       Charms                       1
   b - Shroud of Golubria             Charms/Translocation         2
   c - Song of Slaying                Charms                       2
   d - Spectral Weapon                Hexes/Charms                 3
   e - Regeneration                   Charms/Necromancy            3
Comestibles
 d - 3 bread rations
 g - 4 fruits


   Skills:
 - Level 2.0 Fighting
 + Level 3.4 Long Blades
 - Level 1.0 Armour
 - Level 2.0 Dodging
 - Level 2.4 Spellcasting
 + Level 4.2 Charms
 + Level 0.2 Translocations


You had one spell level left.
You knew the following spells:

 Your Spells              Type           Power        Failure   Level  Hunger
a - Infusion              Chrm           ###.         6%          1    #......
b - Song of Slaying       Chrm           ###.....     10%         2    ###....
c - Shroud of Golubria    Chrm/Tloc      #.........   17%         2    ###....


Dungeon Overview and Level Annotations

Branches:
Dungeon (2/15)

Altars:


Message History

The hobgoblin is heavily wounded.
The hobgoblin barely misses you. The hobgoblin hits you.
The giant cockroach bites you but does no damage.
The goblin hits you with a dagger.
* * * LOW HITPOINT WARNING * * *
You are too injured to fight recklessly!
You are too injured to fight recklessly!
Unknown command.
The giant cockroach closely misses you.
You riposte.
You barely miss the giant cockroach. The hobgoblin misses you.
The giant cockroach bites you.
* * * LOW HITPOINT WARNING * * *
Casting: Song of Slaying
Confirm with . or Enter, or press ? or * to list all spells.
Space distorts slightly along a thin shroud covering your body.
The goblin closely misses you. The giant cockroach bites you.
* * * LOW HITPOINT WARNING * * *
Your shroud falls apart!
The hobgoblin hits you with a club.
You die...

...... #...........
......#########...........
.......!.....#........####
.............#........# #
.............'........+ ..
#....†......###......####
.#...........#............
......†.gg...#....#.......
...#...gs@...#........#.#.
......$......+............
.[.....##...)#.....##...[.
.......+.....#......#.....
.......#.....#...#..#.....
.......#.....#............
.......#.....#....#.##....
.... ###+#.......<......
......####.....


You could see a giant cockroach, 2 hobgoblins and a goblin.

Vanquished Creatures
  An adder (D:2)
  A dart slug (D:1)
  A leopard gecko (D:1)
  3 giant cockroaches
  3 hobgoblins
  6 jackals (D:1)
  5 kobolds (D:1)
  A ball python (D:1)
  5 bats
  3 frilled lizards (D:1)
  3 rats (D:1)
32 creatures vanquished.

Notes
Turn   | Place    | Note
-------+----------+-------------------------------------------
     0 | D:1      | sveltemanboy the High Elf Skald began the quest for the Orb.
     0 | D:1      | Reached XP level 1. HP: 14/14 MP: 4/4
   335 | D:1      | Reached skill level 1 in Armour
   432 | D:1      | Reached XP level 2. HP: 19/19 MP: 6/6
   597 | D:1      | Learned a level 2 spell: Song of Slaying
   600 | D:1      | Learned a level 2 spell: Shroud of Golubria
  1096 | D:1      | Reached skill level 4 in Charms
  1169 | D:1      | Reached XP level 3. HP: 24/24 MP: 7/7
  1530 | D:2      | Slain by a hobgoblin

Skill      XL: |  1  2 |
---------------+-------+-----
Armour         | 1 |  1.0
Long Blades    | 3 |  3.4
Charms         | 4 |  4.2
Dodging        | 2 |  2.0
Fighting       | |  2.0
Spellcasting   | |  2.4
Translocations | |  0.2

Action                   || total
-------------------------++-------
Melee: Falchion          ||   103
 Cast: Shroud of Golubri ||     2
       Infusion          ||     1
       Song of Slaying   ||     1
  Eat: Chunk             ||     2
Armor: Leather armour    ||    33
Dodge: Dodged            ||    82
       Rpst.: Falchion   ||    27
